 Dungeon Crawl Stone Soup version 0.32-a0-995-gb4a5920 (webtiles) character file.

Game seed: 14062293705949668043

112513 Ubbricas the Fencer (level 16, -3/120 HPs)
             Began as a Coglin Gladiator on Apr 21, 2024.
             Was an Initiate of Gozag.
             Slain by a goliath frog (11 damage)
             ... on level 2 of the Swamp on Apr 22, 2024.
             The game lasted 01:03:53 (29298 turns).

Ubbricas the Fencer (Coglin Gladiator)             Turns: 29298, Time: 01:03:54

Health: -3/120     AC: 22    Str: 18    XL:     16   Next: 60%
Magic:  20/20      EV:  9    Int: 10    God:    Gozag
Gold:   854        SH:  0    Dex: 21    Spells: 7/21 levels left

rFire   + . .        a - +3 long sword (flame) {Teicuih}
rCold   . . .        J - +1 scimitar (flame) {Narong}
rNeg    . . .        Z - +4 plate armour {rPois}
rPois   +            M - +2 helmet {SInv}
rElec   .            P - +1 cloak {Stlth+}
rCorr   .            Q - +0 pair of gloves of Xemainku {Str+3 Stlth+}
SInv    +            b - +0 pair of boots {Fly}
Will    +....        (amulet unavailable)
Stlth   ++           (ring unavailable)
HPRegen 0.40/turn    (ring unavailable)
MPRegen 0.17/turn    x
                       - L-30 hypergenerator {AutoDazzle, rF+ Slay+3}

%: no passive effects
@: corroded, gold aura, flying, revved
A: off-hand wielding, slow wielding, warmup strikes, no jewellery, frail 1
a: Renounce Religion, Potion Petition, Call Merchant, Bribe Branch


You were on level 2 of the Swamp.
You worshipped Gozag.
Gozag was pleased with you.
You visited 7 branches of the dungeon, and saw 27 of its levels.
You also visited: Bailey.

You collected 8229 gold pieces.
You spent 2670 gold pieces at shops.
You paid 4705 gold pieces to Gozag.

Inventory:

Hand Weapons
 a - a +3 long sword of flaming (weapon) {Teicuih}
 J - a +1 scimitar of flaming (offhand) {Narong}
Missiles
 c - 4 silver javelins
 d - 7 throwing nets
 e - 7 javelins
 H - 26 boomerangs (quivered)
 X - 8 curare-tipped darts
Armour
 b - a +0 pair of boots of flying (worn)
 h - a +2 pair of boots
 k - the +8 ring mail of the Trombone {^Contam Fly rCorr Stlth+}
   (You found it on level 2 of the Dungeon)

   Fly:       It grants you flight.
   ^Contam:   It causes magical contamination when unequipped.
   rCorr:     It protects you from acid and corrosion.
   Stlth+:    It makes you more stealthy.
 M - a +2 helmet of see invisible (worn)
 P - a +1 cloak of stealth (worn)
 Q - the +0 pair of gloves of Xemainku (worn) {Str+3 Stlth+}
   (You bought it in a shop on level 2 of the Orcish Mines)

   Str+3:     It affects your strength (+3).
   Stlth+:    It makes you more stealthy.
 Z - a +4 plate armour of poison resistance (worn)
Gizmo
 x - a L-30 hypergenerator (installed) {AutoDazzle, rF+ Slay+3}
   (You invented it yourself on level 3 of the Lair of Beasts)

   [L-30 hypergenerator]

   AutoDazzle: It sometimes fires a blinding ray at enemies whose attacks you
   dodge.
   Slay+3:    It affects your accuracy & damage with ranged weapons and melee
   (+3).
   rF+:       It protects you from fire.
Wands
 g - a wand of iceblast (28)
 t - a wand of charming (11)
 A - a wand of digging (6)
 C - a wand of polymorph (11)
 K - a wand of quicksilver (9)
 L - a wand of mindburst (6)
Scrolls
 f - 6 scrolls of teleportation
 i - 5 scrolls of amnesia
 l - a scroll of silence
 m - 4 scrolls of brand weapon
 n - 3 scrolls of vulnerability
 o - 6 scrolls of blinking
 r - 4 scrolls of fog
 y - 3 scrolls of immolation
 T - a scroll of revelation
 W - a scroll of poison
 Y - a scroll of enchant armour
Potions
 j - 4 potions of haste
 p - 9 potions of curing
 q - a potion of heal wounds
 s - 3 potions of cancellation
 u - a potion of berserk rage
 v - 2 potions of might
 w - 2 potions of enlightenment
 z - a potion of degeneration {unknown}
 B - 5 potions of brilliance
 E - 3 potions of attraction
 F - 2 potions of lignification {unknown}
 G - a potion of ambrosia {unknown}
 I - 2 potions of resistance
 R - 3 potions of magic {unknown}
 S - a potion of mutation {unknown}
Miscellaneous
 D - a sack of spiders
 N - a condenser vane (inert)
 O - a phantom mirror (inert)
 U - a Gell's gravitambourine (1/2)
 V - a lightning rod (3/4)


   Skills:
 * Level 14.4 Fighting
 * Level 15.1 Long Blades
 - Level 6.0 Throwing
 + Level 8.6 Armour
 + Level 9.5 Dodging
 + Level 8.8 Stealth
 - Level 3.1 Spellcasting
 - Level 3.2 Necromancy
 - Level 5.6 Translocations
 - Level 2.3 Air Magic
 + Level 12.3 Evocations


You had 7 spell levels left.
You knew the following spells:

 Your Spells              Type           Power      Damage    Failure   Level
a - Manifold Assault      Tloc           6%         N/A       100%        7
b - Fugue of the Fallen   Necr           8%         N/A       99%         3
c - Vhi's Electric Charg  Tloc/Air       18%        N/A       100%        4

Your spell library contained the following spells:

 Spells                   Type           Power      Damage    Failure   Level
 Sublimation of Blood     Necr           8%         N/A       95%         2
 Cigotuvi's Dreadful Rot  Necr/Alch/Air  10%        N/A       99%         2
 Magic Dart               Conj           4%         1d3       100%        1
 Call Imp                 Summ           2%         N/A       100%        2
 Jinxbite                 Hex            2%         N/A       100%        2
 Searing Ray              Conj           2%         2d4       100%        2
 Static Discharge         Conj/Air       6%         3-4/arc   100%        2
 Frozen Ramparts          Ice            2%         1d1       100%        3
 Inner Flame              Hex/Fire       1%         N/A       100%        3
 Ozocubu's Armour         Ice            1%         N/A       100%        3
 Airstrike                Air            3%         2d(1-17)  100%        4
 Dispel Undead            Necr           8%         3d8       100%        4
 Flame Wave               Conj/Fire      1%         2d4       100%        4
 Fulminant Prism          Conj/Alch      0%         3d5       100%        4
 Ignite Poison            Fire/Alch      1%         N/A       100%        4
 Martyr's Knell           Necr/Summ      4%         N/A       100%        4
 Petrify                  Alch/Erth      1%         N/A       100%        4
 Sticky Flame             Fire/Alch      1%         2d4       100%        4
 Summon Lightning Spire   Summ/Air       3%         N/A       100%        4
 Alistair's Intoxication  Alch           0%         N/A       100%        5
 Arcjolt                  Conj/Air       1%         1d11      100%        5
 Borgnjor's Vile Clutch   Necr/Erth      2%         N/A       100%        5
 Irradiate                Conj/Alch      0%         3d11      100%        5
 Iskenderun's Battlesphe  Conj           1%         2d6       100%        5
 Metabolic Englaciation   Hex/Ice        0%         N/A       100%        5
 Yara's Violent Unravell  Hex/Alch       0%         3d3       100%        5
 Bombard                  Conj/Erth      0%         9d1       100%        6
 Eringya's Noxious Bog    Alch           0%         4d6       100%        6
 Plasma Beam              Fire/Air       1%         2x1d11    100%        6
 Enfeeble                 Hex            0%         N/A       100%        7
 Spellforged Servitor     Conj/Summ      0%         N/A       100%        7
 Summon Hydra             Summ           0%         N/A       100%        7
 Ignition                 Fire           0%         3d3       100%        8


Dungeon Overview and Level Annotations

Branches:
Dungeon (15/15)            Temple (1/1) D:7            Lair (5/5) D:8
  Swamp (2/4) Lair:3       Spider (1/4) Lair:2        Slime (0/5) Lair:4
    Orc (2/2) D:11            Elf (1/3) Orc:2        Vaults (0/5) D:14
 Depths (0/4) D:15         Bailey (visited)

Altars:
Ashenzari
Cheibriados
Dithmenos
Elyvilon
Fedhas
Gozag
Hepliaklqana
Kikubaaqudgha
Makhleb
Nemelex Xobeh
Okawaru
Qazlal
Ru
Sif Muna
Trog
Uskayaw
Vehumet
Wu Jian
Xom
Yredelemnul
Zin
The Shining One
Beogh
Jiyva

Shops:
D:5 *   D:11 (((   D:14 =   D:15 ([*   Orc:2 [(((*   Lair:3 *

Portals:
Trove: D:13 (give +6 demon blade)


Innate Abilities, Weirdness & Mutations

You can wield a second weapon in your off-hand.
It takes a long time for you to wield or remove held weapons.
Your first few attacks do less damage.
You cannot equip rings or amulets.
You are frail. (-10% HP)


Message History

Things that are here:
12 gold pieces; a +2 heavy spear Unknown command.
You miss the goliath frog with your +1 scimitar of flaming.
You miss the goliath frog with your +3 long sword of flaming.
The goliath frog hits you.
You are splashed with acid!
Unknown command.
Unknown command.
You miss the goliath frog with your +1 scimitar of flaming.
You miss the goliath frog with your +3 long sword of flaming.
You slash the goliath frog with your +3 long sword of flaming!
You burn the goliath frog.
The goliath frog is moderately wounded.
You miss the goliath frog with your +1 scimitar of flaming.
The goliath frog hits you.
You are splashed with acid!
You barely miss the goliath frog with your +3 long sword of flaming.
The goliath frog is moderately wounded.
You hit the goliath frog with your +1 scimitar of flaming.
You burn the goliath frog.
The goliath frog hits you but does no damage.
You barely miss the goliath frog with your +1 scimitar of flaming.
The goliath frog is moderately wounded.
You hit the goliath frog with your +3 long sword of flaming.
You burn the goliath frog. The goliath frog hits you!
You are splashed with acid!
* * * LOW HITPOINT WARNING * * *
You barely miss the goliath frog with your +1 scimitar of flaming.
The goliath frog is heavily wounded.
You hit the goliath frog with your +3 long sword of flaming.
You burn the goliath frog. The goliath frog hits you!
* * * LOW HITPOINT WARNING * * *
You are splashed with acid.
* * * LOW HITPOINT WARNING * * *
Aiming: Iceblast
Press: ? - help, Q - select action, (/) - cycle Shift-Dir - straight line The mass of ice explodes!
The iceblast engulfs the goliath frog!!
The goliath frog is almost dead.
The goliath frog hits you!
You die...
Your body crumbles into a pile of gold.

♣♣ ♣♣.~~~~.. ♣ ♣~.~~~.♣
.~§~~ ♣♣♣♣♣♣♣....~♣♣
♣.~~~~ .~~..♣♣~....~♣
~~~§~~
~.♣......~~~~♣♣♣♣♣....~~
~......~~~~~~~.♣~.....~~
.~..~~~~~~~~~~~♣......~.
~....~~...~~~..♣>F.~~.♣
~§~......♣~...$.@.~~.♣
~~~.~~~~♣♣♣♣.§$....~♣♣
...~♣♣♣♣♣ ♣.~.....~♣
♣♣♣♣♣ ♣~~.~♣.~.♣
..~~♣♣♣♣♣~♣ ~~~.♣♣ .~♣
.~~~.. .~♣ ~.~... .~♣


You could see a goliath frog.

Vanquished Creatures
  Agnes (Elf:1)
  A tengu reaver (D:14)
  An ironbound preserver (D:14)
  2 orc warlords (Orc:2)
  An eleionoma (Swamp:2)
  Snorg (D:11)
  An entropy weaver (shapeshifter) (D:13)
  A fire dragon (D:15)
  2 alligators (Swamp:1)
  3 catoblepae
  6 hydras
  5 boulder beetles
  An ice dragon (D:15)
  Erolcha (D:9)
  2 centaur warriors
  A ghost crab (Lair:3)
  A death knight (D:14)
  5 two-headed ogres
  17 death yaks
  3 tengu warriors
  A deep troll earth mage (D:14)
  An orc high priest (Orc:2)
  A deep elf knight (Elf:1)
  Nergalle (Orc:1)
  3 skeletal warriors (D:15)
  4 goliath frogs
  3 skysharks
  A sea snake (D:8)
  An arcanist (D:15)
  A spriggan druid (Swamp:2)
  A spectral hydra (Lair:3)
  A swamp dragon (Swamp:1)
  A lindwurm (Lair:4)
  An alligator zombie (Swamp:2)
  5 orc knights
  A phantasmal warrior (D:14)
  A deep elf zephyrmancer (Elf:1)
  2 deep elf pyromancers
  3 obsidian bats
  3 orc sorcerers
  7 cyclopes
  A will-o-the-wisp (Swamp:2)
  9 ugly things
  A meliai (Lair:2)
  7 kobold blastminers
  3 elephants (Lair:5)
  6 black mambas
  Joseph (D:8)
  Maggie (D:6)
  An orange demon (Lair:2)
  2 torpor snails
  23 cane toads
  2 gargoyles
  7 komodo dragons
  4 rime drakes
  2 freezing wraiths (D:14)
  A kobold demonologist (D:13)
  2 efreet (D:15)
  A hydra zombie (Swamp:2)
  2 tengu conjurers (D:15)
  2 bunyip simulacra (Swamp:2)
  A spectral skyshark (Lair:3)
  4 tyrant leeches
  2 polar bears (Lair:1)
  3 hornets
  23 blink frogs
  6 trolls
  2 shadows
  A centaur simulacrum (D:14)
  3 spriggans (Swamp:2)
  3 wraiths
  3 wyverns
  2 basilisks (Lair:4)
  A vampire (D:13)
  5 vampire mosquitoes (Lair:5)
  A steam dragon (D:8)
  35 yaks
  A swamp worm (shapeshifter) (D:13)
  6 wargs
  5 swamp worms
  4 acid dragons
  A spectral cane toad (Lair:3)
  18 water moccasins
  A spectral polar bear (Lair:3)
  2 hydra simulacra (Swamp:2)
  2 black bears
  An ice beast (D:6)
  A sky beast (D:6)
  25 orc warriors
  A spectral blink frog (Lair:3)
  8 ogres
  13 wolves
  6 centaurs
  2 phantoms
  6 kobold brigands
  17 bullfrogs
  7 gnoll sergeants (Bailey)
  6 scorpions
  An earth elemental (Elf:1)
  8 wights
  21 killer bees
  3 electric eels
  9 howler monkeys
  5 jellies (Lair:4)
  17 orc priests
  A bombardier beetle (D:9)
  4 hounds
  6 gnoll boudas (Bailey)
  2 iguanas
  23 orc wizards
  6 hell rats (Lair:2)
  Natasha (thrice) (D:2)
  18 gnolls
  9 adders
  A shadow imp (D:6)
  2 ufetubi (D:6)
  5 dart slugs
  2 ribbon worms (D:3)
  103 orcs
  5 bats
  4 endoplasms
  3 giant cockroaches
  5 goblins (D:4)
  13 hobgoblins
  4 jackals (D:3)
  16 kobolds
  5 quokkas
  8 ball pythons
  4 frilled lizards
  3 rats
  A spectral kobold (D:9)
725 creatures vanquished.

Vanquished Creatures (collateral kills)
  A two-headed ogre (D:10)
  Amaemon (Lair:2)
  A deep elf pyromancer (Elf:1)
  An orc knight (Orc:2)
  2 deep elf zephyrmancers (Elf:1)
  A komodo dragon (D:8)
  A warg (Orc:2)
  An orc warrior (Orc:2)
  A howler monkey (D:8)
  An orc (Orc:2)
11 creatures vanquished.

Vanquished Creatures (others)
  A bunyip (Swamp:2)
  2 bloated husks (Swamp:2)
  A troll (Orc:2)
  A water elemental (D:13)
  A swamp worm (Swamp:2)
  An orc wizard (D:3)
  4 foxfires (Swamp:2)
11 creatures vanquished.

Grand Total: 747 creatures vanquished

Notes
Turn   | Place    | Note
-------+----------+-------------------------------------------
     0 | D:1      | Ubbricas the Coglin Gladiator began the quest for the Orb.
     0 | D:1      | Reached XP level 1. HP: 16/16 MP: 1/1
   223 | D:1      | Noticed a great orb of eyes
   225 | D:1      | Found a faded altar of an unknown god.
   226 | D:1      | Noticed an eye of devastation
   226 | D:1      | Noticed a great orb of eyes
   226 | D:1      | Noticed a golden eye
   232 | D:1      | Reached XP level 2. HP: 22/22 MP: 2/2
   919 | D:2      | Reached XP level 3. HP: 28/28 MP: 3/3
   947 | D:2      | Reached skill level 4 in Long Blades
   966 | D:2      | Identified the +8 ring mail of the Trombone {^Contam Fly
                  | rCorr Stlth+}
  1052 | D:2      | Noticed Natasha
  1065 | D:2      | Killed Natasha
  1066 | D:2      | Reached XP level 4. HP: 30/34 MP: 4/4
  1134 | D:2      | Identified the +8 dagger of the Sheltering Gods {venom,
                  | Str-4 Dex+4}
  1163 | D:2      | Noticed Natasha
  1175 | D:2      | Killed Natasha
  1256 | D:2      | Noticed Natasha
  1259 | D:2      | Killed Natasha
  1260 | D:2      | Reached XP level 5. HP: 41/41 MP: 5/5
  1469 | D:3      | Reached skill level 5 in Long Blades
  1639 | D:3      | Reached XP level 6. HP: 29/48 MP: 6/6
  1779 | D:3      | Found a stormy altar of Qazlal.
  2162 | D:4      | Reached skill level 6 in Long Blades
  2216 | D:4      | Identified the +3 leather armour "Noen" {Harm Str-2 SInv}
  2288 | D:4      | Reached XP level 7. HP: 41/55 MP: 7/7
  2669 | D:5      | Entered Level 5 of the Dungeon
  2969 | D:5      | Reached skill level 1 in Evocations
  3069 | D:5      | Found Goasenwu's CLEARANCE SALE!.
  3075 | D:5      | Bought a scroll of immolation for 24 gold pieces
  3178 | D:5      | Reached skill level 5 in Fighting
  3178 | D:5      | Reached skill level 1 in Armour
  3178 | D:5      | Reached skill level 1 in Stealth
  3369 | D:5      | Reached skill level 7 in Long Blades
  3375 | D:5      | Reached XP level 8. HP: 56/62 MP: 8/8
  3702 | D:6      | Noticed Maggie
  3717 | D:6      | Killed Maggie
  3803 | D:6      | Reached XP level 9. HP: 69/69 MP: 9/9
  3999 | D:6      | Found a bloodstained altar of Trog.
  4000 | D:6      | Found a shadowy altar of Dithmenos.
  4287 | D:6      | Found a basalt altar of Yredelemnul.
  4330 | D:6      | Found an ornate altar of the Wu Jian Council.
  4592 | D:7      | Reached skill level 8 in Long Blades
  4786 | D:7      | Found a staircase to the Ecumenical Temple.
  4791 | Temple   | Entered the Ecumenical Temple
  4812 | Temple   | Became a worshipper of Gozag Ym Sagoz the Greedy
  5843 | D:8      | Noticed Joseph
  5856 | D:8      | Killed Joseph
  5857 | D:8      | Reached XP level 10. HP: 78/79 MP: 10/10
  5898 | D:8      | Reached skill level 5 in Evocations
  6141 | D:8      | Found a staircase to the Lair.
  6142 | D:8      | Noticed Erica
  6156 | D:8      | Erica changed into Erica the sea snake
  6156 | D:8      | Noticed Erica
  6170 | D:8      | Killed Erica the sea snake
  6182 | D:8      | Reached skill level 9 in Long Blades
  6804 | D:9      | Found a hazy altar of Hepliaklqana.
  7044 | D:9      | Noticed Erolcha
  7052 | D:9      | Killed Erolcha
  7053 | D:9      | Reached skill level 5 in Dodging
  7404 | D:9      | Found a shimmering blue altar of Sif Muna.
  7444 | D:9      | Found a snail-covered altar of Cheibriados.
  7492 | D:10     | Entered Level 10 of the Dungeon
  7533 | D:10     | Noticed a two-headed ogre
  7544 | D:10     | Killed a two-headed ogre
  7545 | D:10     | Reached XP level 11. HP: 78/87 MP: 11/11
  7605 | D:10     | Noticed a two-headed ogre
  7690 | D:10     | Found a flagged portal.
  7698 | Bailey   | Entered a bailey
  7880 | Bailey   | Reached skill level 5 in Throwing
  8591 | Bailey   | Reached skill level 10 in Long Blades
  9331 | D:10     | Noticed a two-headed ogre
  9346 | D:10     | Killed a two-headed ogre
  9446 | D:10     | Killed a two-headed ogre
  9850 | Lair:1   | Entered Level 1 of the Lair of Beasts
  9912 | Lair:1   | Reached skill level 5 in Stealth
 10136 | Lair:1   | Reached skill level 5 in Armour
 10387 | Lair:1   | Reached XP level 12. HP: 29/96 MP: 12/12
 10878 | D:11     | Noticed a two-headed ogre
 10884 | D:11     | Killed a two-headed ogre
 10907 | D:11     | Noticed a two-headed ogre
 10917 | D:11     | Killed a two-headed ogre
 10918 | D:11     | Reached skill level 10 in Fighting
 10918 | D:11     | Reached skill level 11 in Long Blades
 11001 | D:11     | Noticed a boulder beetle
 11025 | D:11     | Killed a boulder beetle
 11247 | D:11     | Found a staircase to the Orcish Mines.
 11257 | D:11     | Found a roughly hewn altar of Beogh.
 11913 | D:12     | Found a hide-covered altar of Uskayaw.
 11943 | D:12     | Noticed a boulder beetle
 11961 | D:12     | Killed a boulder beetle
 12236 | Orc:1    | Entered Level 1 of the Orcish Mines
 13116 | Lair:2   | Noticed Amaemon
 13322 | Orc:2    | Entered Level 2 of the Orcish Mines
 13425 | Orc:2    | Noticed a two-headed ogre
 13434 | Orc:2    | Killed a two-headed ogre
 13445 | Orc:2    | Found Naomokh's General Store.
 13467 | Orc:2    | Bought 3 scrolls of blinking for 315 gold pieces
 13467 | Orc:2    | Bought a scroll of fog for 56 gold pieces
 13467 | Orc:2    | Bought a sack of spiders for 560 gold pieces
 13550 | Orc:2    | Noticed an orc high priest
 13560 | Orc:2    | Killed an orc high priest
 13561 | Orc:2    | Reached XP level 13. HP: 85/105 MP: 13/13
 13613 | Orc:2    | Found a roughly hewn altar of Beogh.
 13634 | Orc:2    | Reached skill level 12 in Long Blades
 13765 | Orc:2    | Found a roughly hewn altar of Beogh.
 13979 | Orc:2    | Found a roughly hewn altar of Beogh.
 13980 | Orc:2    | Found Olufiodo's Antique Weapon Shoppe.
 14399 | Orc:2    | Found a roughly hewn altar of Beogh.
 14890 | Orc:2    | Noticed an orc warlord
 15046 | Orc:2    | Found Rorchu's Antique Weapon Shoppe.
 15047 | Orc:2    | Found a roughly hewn altar of Beogh.
 15052 | Orc:2    | Found Luckequo's Antique Armour Emporium.
 15063 | Orc:2    | Bought a runed cloak for 195 gold pieces
 15063 | Orc:2    | Bought a pair of ancient gloves for 247 gold pieces
 15063 | Orc:2    | Identified the +0 pair of gloves of Xemainku {Str+3 Stlth+}
                  | (You bought it in a shop on level 2 of the Orcish Mines)
 15134 | Orc:2    | Found a staircase to the Elven Halls.
 15179 | Orc:2    | Found a roughly hewn altar of Beogh.
 15183 | Orc:2    | Found Qyllaowk's Weapon Shop.
 15497 | Orc:2    | Killed an orc warlord
 15955 | Orc:1    | Noticed Nergalle
 15980 | Orc:1    | Killed Nergalle
 16062 | Orc:1    | Noticed an orc warlord
 16166 | Orc:2    | Killed an orc warlord
 16807 | Orc:1    | Reached skill level 10 in Evocations
 17721 | Lair:2   | Killed Amaemon
 17760 | Lair:2   | Found a hole to the Spider Nest.
 18070 | Lair:3   | Reached XP level 14. HP: 103/115 MP: 14/14
 18074 | Lair:3   | Reached skill level 13 in Long Blades
 18098 | Lair:3   | Upgraded the game from 0.32-a0-938-g40ac7a0 to
                  | 0.32-a0-995-gb4a5920
 18152 | Lair:3   | Acquired a L-30 hypergenerator {AutoDazzle, rF+ Slay+3}
 18731 | Lair:3   | Found a staircase to the Swamp.
 19121 | Lair:3   | Bought a shiny helmet for 217 gold pieces
 19205 | Lair:4   | Found a staircase to the Slime Pits.
 19212 | Lair:4   | Found a viscous altar of Jiyva.
 20209 | Lair:4   | Learned a level 7 spell: Manifold Assault
 20213 | Lair:4   | Learned a level 3 spell: Fugue of the Fallen
 20621 | Lair:5   | Entered Level 5 of the Lair of Beasts
 20643 | Lair:5   | Reached skill level 1 in Translocations
 20772 | Lair:5   | Reached skill level 1 in Spellcasting
 20802 | Lair:5   | Reached XP level 15. HP: 95/123 MP: 16/16
 20837 | Lair:5   | Reached skill level 14 in Long Blades
 21154 | Lair:5   | Reached skill level 1 in Necromancy
 21688 | Lair:5   | Learned a level 4 spell: Vhi's Electric Charge
 22981 | D:13     | Reached skill level 1 in Air Magic
 23403 | D:13     | Found a portal to a secret trove of treasure.
 23698 | D:14     | Found Loegeg's Jewellery Emporium.
 23967 | D:14     | Noticed a tengu reaver
 23980 | D:14     | Killed a tengu reaver
 24236 | D:14     | Found a gate to the Vaults.
 24801 | D:14     | Reached XP level 16. HP: 132/132 MP: 20/20
 24850 | D:14     | Reached skill level 5 in Translocations
 24995 | D:15     | Entered Level 15 of the Dungeon
 25098 | D:15     | Found Iqora's General Store.
 25108 | D:15     | Bought a scroll of blinking for 105 gold pieces
 25108 | D:15     | Bought a potion of curing for 42 gold pieces
 25108 | D:15     | Bought a scroll of teleportation for 42 gold pieces
 25503 | D:15     | Found a staircase to the Depths.
 26044 | D:15     | Bought a polished ring mail for 306 gold pieces
 26044 | D:15     | Identified the +0 ring mail of the Little Devil {Will+
                  | Int-4 Dex+6} (You bought it in a shop on level 15 of the
                  | Dungeon)
 26044 | D:15     | Bought a smoking ring mail for 306 gold pieces
 26044 | D:15     | Identified the +5 ring mail "Ubawat" {+Inv Will- Dex+4}
                  | (You bought it in a shop on level 15 of the Dungeon)
 26044 | D:15     | Bought a pair of runed boots for 255 gold pieces
 26132 | D:11     | Noticed Snorg
 26146 | D:11     | Killed Snorg
 26364 | Elf:1    | Entered Level 1 of the Elven Halls
 26367 | Elf:1    | Noticed Agnes
 26386 | Elf:1    | Killed Agnes
 26928 | Lair:1   | Gained mutation: You are frail. (-10% HP) [mutagenic glow]
 27005 | Swamp:1  | Entered Level 1 of the Swamp
 27627 | Spider:1 | Entered Level 1 of the Spider Nest
 28769 | Swamp:2  | Reached skill level 15 in Long Blades
 29298 | Swamp:2  | Slain by a goliath frog

Illustrated notes

Levels and vault maps discovered:
D:1:      tarquinn_simple_flora_water_b, layout_basic,
          hellmonk_ecumenical_altar_watching_god
D:2:      layout_rooms, uniq_natasha
D:3:      layout_loops_ring, grunt_qazlal_sundering, serial_park_tiny_2,
          serial_bayou_lake_a
D:4:      layout_rooms, serial_curves, eino_curves_03, eino_curves_04,
          eino_curves_04, eino_curves_01
D:5:      nicolae_cairo_tiling_very_big, layout_loops_corners,
          grunt_decor_mini_mirrors, nicolae_shop_clearance
D:6:      layout_rooms, mainiacjoe_overflow_alcove_2,
          nicolae_overflow_hidden_temple, mainiacjoe_overflow_big_doors,
          uniq_maggie
D:7:      layout_loops_corners, minmay_temple_entry_drinking_statues
D:8:      layout_loops_ring, david_lair_shrubbed, uniq_joseph, uniq_erica
D:9:      layout_loops_ring, nicolae_hepliaklqana_monster_ancestors,
          slow_altar_2, tgw_sif, uniq_erolcha
D:10:     minmay_inner_zag, layout_small_grid, enter_bailey_2
D:11:     layout_long_grid, minmay_orc_entry_temple_small, uniq_snorg
D:12:     layout_basic, hangedman_decor_slide_cut,
          nicolae_uskayaw_murder_on_the_dancefloor
D:13:     layout_irregular_city, enter_trove_6, lemuel_freeze_loot_1
D:14:     layout_irregular_city, skrybe_vaults_entry_preservation, serial_shops,
          shop_statue, minmay_diamond_spiral
D:15:     grunt_enter_depths_hoard, layout_basic, minmay_misc_feat_encased,
          serial_shops, shop, ebering_dispersal_statue_hall,
          minmay_unpleasant_kobolds
Temple:   dpeg_chambers_temple
Lair:1:   layout_concentric_octagons, nicolae_quartered_pool_medium,
          fungi_pond_lemuel, beast_lair_carwin_4, lemuel_fruit_tree
Lair:2:   layout_regular_city, hellmonk_spider_entry_not_the_bees,
          grunt_megastairs_2, uniq_amaemon
Lair:3:   layout_gridlike, nicolae_swamp_entry_spooky
Lair:4:   layout_regular_city, nicolae_slime_entry_field_trip,
          grunt_megastairs_4, serial_bayou_shore_a
Lair:5:   minmay_lair_end_frog_pond, layout_loops_ring
Swamp:1:  layout_falls_marsh, serial_swamp_ruin, evilmike_swamp_ruin_house_6,
          evilmike_swamp_ruin_house_5
Swamp:2:  layout_basic_swamp, nicolae_swamp_some_circles, swamp_pool_4,
          nicolae_swamp_necromancer_hut
Spider:1: layout_chambers, drop_trap, nicolae_spider_undead_wolf_pack
Orc:1:    cheibrodos_orc_bank, layout_caves, uniq_nergalle
Orc:2:    grunt_orc_community_town_hall, layout_caves,
          grunt_orc_community_big_house_1, grunt_orc_community_big_house_2,
          grunt_orc_community_house_3, grunt_orc_community_house_2,
          grunt_orc_community_house_1, grunt_orc_community_house_2,
          serial_shops, nicolae_shop_behind_doors, nicolae_orc_sculptors_studio
Elf:1:    eino_elf_arrival_shootout, layout_onion_city, serial_shops,
          nicolae_take_the_stairs, nicolae_elf_theology_debate,
          lemuel_upstairs_altar, uniq_agnes

Skill      XL: |  1  2  3  4  5  6  7  8  9 10 11 12 13 14 15 16 |
---------------+-------------------------------------------------+-----
Long Blades    | 4 5 6 7 8 9 10 11 12 13 14 15 | 15.1
Fighting       | 3 4 5 6 7 8 9 10 12 13 14 | 14.4
Evocations     | 1 3 4 6 7 8 10 11 12 | 12.3
Armour         | 1 2 3 4 5 6 7 8 |  8.6
Dodging        | 3 4 5 6 7 8 9 |  9.5
Stealth        | 1 2 3 4 5 6 7 8 |  8.8
Throwing       | 2 3 4 5 6 |  6.0
Translocations | 2 4 5 |  5.6
Spellcasting   | 1 2 3 |  3.1
Necromancy     | 2 3 |  3.2
Air Magic      | 1 2 |  2.3

Action                     |  1- 3 |  4- 6 |  7- 9 | 10-12 | 13-15 | 16-18 || total
---------------------------+-------+-------+-------+-------+-------+-------++-------
  Melee: Long sword        |    55 |    56 |   146 |       |   571 |   220 ||  1048
         Dagger            |    47 |    58 |   158 |    23 |       |       ||   286
         Falchion          |       |       |     7 |   470 |   258 |       ||   735
         Scimitar          |       |       |       |   465 |   842 |   224 ||  1531
  Throw: Dart              |       |       |     7 |    40 |    46 |     4 ||    97
         Throwing net      |       |       |     1 |       |     1 |       ||     2
         Boomerang         |       |       |     4 |    24 |    14 |     7 ||    49
         Javelin           |       |       |       |     3 |       |       ||     3
 Invoke: Call Merchant     |       |       |       |     2 |     2 |     2 ||     6
Ability: Invent Gizmo      |       |       |       |       |     1 |       ||     1
  Evoke: Wand              |       |       |     1 |    12 |    22 |     3 ||    38
         Condenser vane    |       |       |       |     2 |     3 |     1 ||     6
         Phantom mirror    |       |       |       |     2 |     2 |     1 ||     5
         Sack of spiders   |       |       |       |       |     2 |       ||     2
         Lightning rod     |       |       |       |       |       |     4 ||     4
         Gell's gravitambo |       |       |       |       |       |     2 ||     2
    Use: Scroll            |       |     5 |     3 |    12 |     7 |     1 ||    28
         Potion            |       |       |       |     7 |     1 |       ||     8
   Stab: Sleeping          |       |     4 |     8 |     5 |    26 |     1 ||    44
         Held in net/web   |       |       |     1 |       |       |       ||     1
         Distracted        |       |       |     1 |     7 |    22 |     2 ||    32
         Confused          |       |       |       |     1 |     1 |       ||     2
         Invisible         |       |       |       |       |     8 |       ||     8
 Armour: Ring mail         |    45 |    26 |   107 |   366 |   523 |   101 ||  1168
         Plate armour      |       |       |       |       |       |   103 ||   103
  Dodge: Dodged            |    28 |    24 |    85 |   318 |   503 |   110 ||  1068

Table legend: (Time is in decaauts)
 A = Elapsed time spent in this place.
 B = Non-inter-level travel time spent in this place.
 C = Inter-level travel time spent in this place.
 D = Time resting spent in this place.
 E = Time spent auto-exploring this place.
 F = Levels seen in this place.
 G = Mean time per level.
                   A        B        C        D        E       F      G
               +--------+--------+--------+--------+--------+-----+--------+
         Total |  28882 |  25787 |   3095 |   1781 |  18877 |  28 | 1031.5 |
       Dungeon |  14506 |  12680 |   1826 |     87 |  10442 |  15 |  967.1 |
        Temple |     42 |      1 |     41 |      0 |      0 |   1 |   42.0 |
          Lair |   7038 |   6357 |    681 |    301 |   4815 |   5 | 1407.6 |
         Swamp |   1627 |   1580 |     47 |    158 |   1217 |   2 |  813.5 |
   Spider Nest |      1 |      0 |      1 |      0 |      0 |   1 |    1.0 |
  Orcish Mines |   4316 |   3821 |    495 |    673 |   2184 |   2 | 2158.0 |
   Elven Halls |     56 |     56 |      0 |      0 |      0 |   1 |   56.0 |
        Bailey |   1293 |   1293 |      0 |    561 |    219 |   1 | 1293.0 |
               +--------+--------+--------+--------+--------+-----+--------+

Top non-repeatable levels by time:
   Orc:2: 3014 daAuts
  Lair:5: 1702 daAuts
  Lair:1: 1552 daAuts
    D:14: 1520 daAuts
     D:8: 1448 daAuts
  Lair:4: 1387 daAuts
  Lair:3: 1378 daAuts
   Orc:1: 1301 daAuts
  Bailey: 1293 daAuts
 Swamp:1: 1232 daAuts
    D:11: 1196 daAuts
    D:10: 1138 daAuts
    D:15: 1083 daAuts
     D:9: 1059 daAuts
  Lair:2: 1016 daAuts
